 Dungeon Crawl Stone Soup version 0.21-a0-584-g185da8e (webtiles) character file.

35 slep the Chopper (level 3, -5/18 HPs)
             Began as a Vine Stalker Gladiator on Dec 21, 2017.
             Slain by a kobold
             ... wielding a +2 whip of electrocution
              (16 damage)
             ... on level 2 of the Dungeon.
             The game lasted 00:03:37 (1126 turns).

slep the Chopper (Vine Stalker Gladiator)           Turns: 1126, Time: 00:03:37

Health: -5/18      AC:  4    Str: 16    XL:     3   Next: 33%
Magic:  0/4        EV: 13    Int:  8    God:
Gold:   94         SH:  0    Dex: 16    Spells: 2/2 levels left

rFire    . . .     SeeInvis .   a - +0 war axe
rCold    . . .     Gourm    .   (no shield)
rNeg     . . .     Faith    .   b - +0 leather armour
rPois    .         Spirit   +   c - +0 helmet
rElec    .         Reflect  .   (no cloak)
rCorr    .         Harm     .   (no gloves)
MR       .....                  (no boots)
Stlth    +.........             (no amulet)
HPRegen  0.06/turn              (no ring)
MPRegen  0.09/turn              (no ring)

@: no status effects
A: fangs 2, magic shield, antimagic bite, no potion heal 3, rot immunity
a: no special abilities


You were on level 2 of the Dungeon.
You were not hungry.

You visited 1 branch of the dungeon, and saw 2 of its levels.

You collected 94 gold pieces.

Inventory:

Hand Weapons
 a - a +0 war axe (weapon)
Missiles
 d - 3 throwing nets (quivered)
 j - 6 tomahawks
Armour
 b - a +0 leather armour (worn)
 c - a +0 helmet (worn)
Scrolls
 e - 3 scrolls of identify {unknown}
 i - a scroll of teleportation {unknown}
 k - a scroll of fog {unknown}
 o - a scroll of blinking {unknown}
Potions
 g - a potion of curing {unknown}
 h - a potion of agility {unknown}
 l - a potion of berserk rage {unknown}
 n - a potion of magic {unknown}
Comestibles
 f - 5 rations


   Skills:
 + Level 2.0 Fighting
 + Level 3.2 Axes
 + Level 2.0 Throwing
 + Level 0.4 Armour
 + Level 2.8 Dodging
 + Level 0.2 Stealth


You had 2 spell levels left.
You didn't know any spells.

Dungeon Overview and Level Annotations

Branches:
Dungeon (2/15)

Altars:
The Shining One

Annotations:
D:2 Natasha


Innate Abilities, Weirdness & Mutations

You have extremely sharp teeth.
When hurt, damage is shared between your health and your magic reserves.
Your bite disrupts and absorbs the magic of your enemies.
Potions cannot restore your health.
You are immune to rotting.


Message History

You barely miss the worm.
The worm is heavily wounded.
The worm bites you.
You slash the worm!
You kill the worm!
You see here a worm corpse.
You butcher the worm corpse.
m - a chunk of flesh Eating a chunk of flesh.
You eat the chunk of flesh.
This raw flesh tastes terrible.
You open the door.
There is an open door here.
A kobold comes into view. It is wielding a whip of electrocution.
The kobold shouts!
Natasha, Servant of Life and Death comes into view.
The kobold closely misses you.
You closely miss the kobold. The kobold hits you but does no damage.
You are electrocuted!
Ouch! That really hurt!
You die...

....#########.#
.........##...#
'#'#####.##.###
.#.# #.##.# .#.#
#....# .#.#
############
.#.#####..........#
.#.......#######.##
######### #@# #K#
#.# #.# #h# #.# #.#
#.#


You could see Natasha (wandering) and a kobold.

Vanquished Creatures
  A worm (D:2)
  2 leopard geckos
  2 bats (D:1)
  A giant cockroach (D:1)
  5 hobgoblins
  4 kobolds (D:1)
  A ball python (D:2)
  3 frilled lizards
  5 goblins
  5 rats
29 creatures vanquished.

Notes
Turn   | Place    | Note
-------+----------+-------------------------------------------
     0 | D:1      | slep the Vine Stalker Gladiator began the quest for the Orb.
     0 | D:1      | Reached XP level 1. HP: 11/11 MP: 2/2
   179 | D:1      | Reached XP level 2. HP: 15/15 MP: 3/3
   343 | D:1      | Reached skill level 3 in Axes
   858 | D:2      | Reached XP level 3. HP: 7/18 MP: 1/4
  1020 | D:2      | Found a glowing golden altar of the Shining One.
  1125 | D:2      | Noticed Natasha
  1126 | D:2      | Slain by a kobold

Vault maps used:
D:1:      dpeg_arrival_tiny_g
D:2:      lemuel_doored_altar, uniq_natasha

Skill      XL: |  1  2  3 |
---------------+----------+-----
Throwing       | 2 |  2.0
Axes           | 3 |  3.2
Fighting       | 2 |  2.0
Armour         | |  0.4
Dodging        | |  2.8
Stealth        | |  0.2

Action                   || total
-------------------------++-------
Melee: War axe           ||    67
       Bite              ||    14
 Stab: Sleeping          ||     2
  Eat: Chunk             ||     1
Armor: Leather armour    ||    11
Dodge: Dodged            ||    47

Table legend:
 A = Spawn XP
 B = Non-spawn XP
 C = Spawn XP percentage of total XP
 D = Spawn monster count
 E = Non-spawn monster count
 F = Spawn count percentage of total count
 G = Total turns spent on level
                    A         B        C        D         E        F      G
               +---------+---------+-------+---------+---------+-------+---------
         Total |       0 |      50 |   0.0 |       0 |      29 |   0.0 |  1126
               +---------+---------+-------+---------+---------+-------+---------
           D:1 |       0 |      27 |   0.0 |       0 |      17 |   0.0 |   728
           D:2 |       0 |      23 |   0.0 |       0 |      12 |   0.0 |   398
               +---------+---------+-------+---------+---------+-------+---------
